Cogmind - Beta 16 @@@ ROGUE MODE // 2025.10.26 @ 02:12:45 Player: Parallel Result: Destroyed by G-73 Enforcer with Phase Gun Performance ------------- Evolutions (9) 4500 Regions Visited (10) 2000 Robots Destroyed (66) 330 Value Destroyed (2582) 2582 Prototype IDs (7) 140 Alien Tech Used (0) 0 Bonus (837) 837 TOTAL SCORE: 10389 Bonus ------- Follower Combat Kills 37 Registered with UFD 300 Met Optimus in HQ 500 Cogmind --------- Core Integrity 0/1600 Matter 245/300 Energy 100/100 System Corruption 1% Temperature Cool (1) Movement Flying (45) Location -1/Access Parts ------- > --- POWER (4) -------- (None) > --- PROPULSION (5) --- Impulse Thruster Array > --- UTILITY (10) ----- (None) > --- WEAPON (6) ------- (None) > --- INVENTORY (5) ---- Carbon-fiber Leg Biometal Leg Surveybot 17 Chip Relay Coupler [Proto] (2) Improved Remote Datajack Peak State ------------ > --- POWER ------------ Antimatter Reactor Micro Antimatter Reactor Light Quantum Reactor > --- PROPULSION ------- Carbon-fiber Leg Carbon-fiber Leg Thunder Leg Biometal Leg Biometal Leg > --- UTILITY ---------- Advanced Heat Sink Improved Target Analyzer Quantum Capacitor Weapon Cycler Advanced Transmission Jammer Improved Focal Shield Force Field Hacking Suite > --- WEAPON ----------- HERF Cannon KE Penetrator Makeshift Axe > --- INVENTORY -------- Surveybot 17 Chip Relay Coupler [Proto] Improved Remote Datajack [Rating: 120] Favorites ----------- Power Cooled Fission Core Engine Improved Ion Engine Power Core Cooled Fission Core Reactor Antimatter Reactor Propulsion Carbon-fiber Leg Treads Improved Treads Leg Carbon-fiber Leg Wheel Wheel Flight Unit Xenon Bombardment Thruster Utility Large Storage Unit Device Seismic Detector Storage Large Storage Unit Processor Improved Target Analyzer Hackware Hacking Suite Protection Improved Medium Armor Plating Weapon Heavy EM Pulse Gun Energy Gun Heavy EM Pulse Gun Energy Cannon Matter Neutralizer Ballistic Gun Barrage Gun Launcher Long-range Missile Launcher Special Weapon Improved Remote Datajack Slashing Weapon Makeshift Axe Build | -11 -10 -10 -7 -5 -5 -5 -4 -3 -2 -1 ------- Run | Yrd Mat Sub Scr Fac Upp Upp Fac Res Res Acc Slots Evolved 18 | . . . . 10 . . 2 2 2 2 Power 3 | . . . . 1 . . 1 1 . . Propulsion 3 | . . . . 2 . . . 1 . . Utility 8 | . . . . 5 . . 1 . 1 1 Weapon 4 | . . . . 2 . . . . 1 1 Parts Attached 102 | 7 12 10 7 21 15 . 9 1 8 12 Power 18 | 1 3 1 1 4 1 . 2 1 . 4 Engine 6 | 1 2 1 1 . 1 . . . . . Core 6 | . 1 . . 4 . . 1 . . . Reactor 6 | . . . . . . . 1 1 . 4 Propulsion 30 | 2 1 4 2 4 5 . 2 . 4 6 Treads 3 | . . . . . 1 . 2 . . . Leg 8 | . . . . . 4 . . . 4 . Wheel 13 | 2 1 4 2 4 . . . . . . Hover . | . . . . . . . . . . . Flight 6 | . . . . . . . . . . 6 Utility 26 | 2 3 1 3 5 4 . 4 . 3 1 Device 15 | 1 1 1 1 3 3 . 2 . 2 1 Storage 4 | 1 2 . 1 . . . . . . . Processor 2 | . . . 1 . . . . . 1 . Hackware 2 | . . . . 1 . . 1 . . . Protection 3 | . . . . 1 1 . 1 . . . Artifact . | . . . . . . . . . . . Weapon 28 | 2 5 4 1 8 5 . 1 . 1 1 Energy Gun 10 | 1 2 2 . 3 2 . . . . . Energy Cannon 3 | . . . . 1 1 . . . 1 . Ballistic Gun 12 | 1 3 2 1 1 2 . 1 . . 1 Ballistic Cannon . | . . . . . . . . . . . Launcher 1 | . . . . 1 . . . . . . Special Weapon 1 | . . . . 1 . . . . . . Impact Weapon . | . . . . . . . . . . . Slashing Weapon 1 | . . . . 1 . . . . . . Piercing Weapon . | . . . . . . . . . . . Special Melee Weapon . | . . . . . . . . . . . Unidentified Prototypes 1 | . . . . 1 . . . . . . Corrupted Parts 3 | . . . . . 1 . . . 2 . System Corruption 17 | . . . . . 2 . . . 15 . Parts Lost 58 | . . 3 . 4 22 . 5 3 5 16 Power 8 | . . . . . 3 . 1 2 . 2 Propulsion 19 | . . 2 . 1 6 . 2 1 2 5 Utility 17 | . . 1 . 3 4 . 2 . 1 6 Weapon 14 | . . . . . 9 . . . 2 3 Highest Loss Streak 10 | . . 2 . 4 10 . 5 3 5 8 To Critical Strikes 2 | . . . . . 1 . . . 1 . Average Backups 7 | 3 8 8 9 7 5 5 5 6 3 4 Power . | . 1 2 1 1 . . . . . . Propulsion 1 | 1 2 1 . . 1 2 1 1 . 1 Utility 2 | . 2 1 3 2 2 2 2 3 2 2 Weapon 2 | . 2 4 4 3 . . . 1 . . Tool/Special . | . . . . . . . . . . . Unused Backups 10 | 2 3 . 3 . . . . . . 2 Power 1 | . . . 1 . . . . . . . Propulsion 4 | 2 2 . . . . . . . . . Utility 3 | . . . 1 . . . . . . 2 Weapon 2 | . 1 . 1 . . . . . . . Tool/Special . | . . . . . . . . . . . Average Slot Usage (%) 82 | . 99 95 94 87 70 82 84 83 81 26 Engine 7 | . 9 14 14 . 3 5 5 3 . . Core 3 | . 4 . . 10 5 5 6 3 . . Leg 6 | . . . . . 18 23 15 9 14 4 Wheel 13 | . 28 27 22 18 . . . . . . Device 14 | . 13 9 13 21 11 17 20 19 23 7 Storage 8 | . 14 14 14 5 5 5 5 4 4 . Protection 1 | . . . . 4 3 . 1 . . . Energy Gun 7 | . 6 14 14 11 1 . . . . . Energy Cannon 1 | . . . . . 3 5 . . 4 . Ballistic Gun 11 | . 21 14 14 6 7 11 14 14 10 1 Slashing Weapon 2 | . . . . 1 4 5 5 4 4 . Peak Build Rating 120 | 9 13 13 19 64 67 63 86 86 99 120 Average Rating 37 | 6 9 11 13 56 54 63 73 83 93 40 On Entrance 43 | . 9 10 12 16 56 63 63 78 70 98 Avg Prop Armor Cover (%) 6 | . . . 4 . . . 11 11 4 7 Naked Turns 285 | . . . . . . . . . . 285 Heaviest Build 92 | 13 24 23 36 73 76 69 92 89 85 90 Greatest Support 81 | 20 20 40 32 52 60 60 60 30 81 81 Greatest Overweight (x) 13 | . 1 1 2 1 13 1 2 2 1 5 Average Overweight (x) . | . . . 1 1 . 1 1 2 . . Largest Inventory Capacity 15 | 8 10 10 15 15 15 15 15 15 15 15 Average Capacity 12 | 7 8 10 11 15 15 15 15 15 15 5 Most Carried 12 | 7 10 10 12 12 11 5 8 7 5 5 Average Carried 7 | 4 8 8 10 7 5 5 5 6 3 4 Final Capacity 15 | 8 10 10 15 15 15 15 15 15 15 5 Final Carried 11 | 7 10 8 11 11 5 5 6 6 3 5 Class Distribution -------------------- 39% | Mutant 26% | Scavenger-Tank 10% | Derelict-Mutant 9% | Derelict-Tank 9% | Scavenger-Mutant Dominant Class ---------------- Mutant | -10/Materials Mutant | -10/Subcaves Mutant | -7/Scraptown Derelict-Tank | -5/Factory Scavenger-Tank | -5/Upper Caves Scavenger-Tank | -5/Upper Caves Scavenger-Tank | -4/Factory Scavenger-Tank | -3/Research Scavenger-Tank | -2/Research Mutant | -1/Access Resources | -11 -10 -10 -7 -5 -5 -5 -4 -3 -2 -1 ----------- Run | Yrd Mat Sub Scr Fac Upp Upp Fac Res Res Acc Matter Collected 2422 | 281 472 236 30 386 488 . 162 . 192 175 Remotely . | . . . . . . . . . . . Salvage Created 3189 | 182 536 422 . 524 744 . 450 . 192 139 Parts 160 | 13 30 25 . 30 24 . 21 . 11 6 Haulers Intercepted 2 | . 2 . . . . . . . . . Recyclers Shooed 2 | . 1 . . 1 . . . . . . Parts Field Recycled . | . . . . . . . . . . . Retrieved Matter . | . . . . . . . . . . . Parts Self-Destructed 25 | . . 10 . . 15 . . . . . Prevented 3 | . . 2 . . 1 . . . . . Parts Restored . | . . . . . . . . . . . Kills | -11 -10 -10 -7 -5 -5 -5 -4 -3 -2 -1 ------- Run | Yrd Mat Sub Scr Fac Upp Upp Fac Res Res Acc Combat Hostiles Destroyed 47 | . 7 5 . 9 13 . 7 . 2 4 Melee 7 | . . . . 1 6 . . . . . Guns 25 | . 7 5 . 6 1 . 3 . . 3 Cannons 4 | . . . . . 1 . . . 2 1 AOE 10 | . . . . 2 4 . 4 . . . Classes Destroyed 14 | 2 5 1 . 5 1 . . . . . Worker 6 | . 2 . . 4 . . . . . . Builder 2 | . . . . 1 . . . . 1 . Tunneler 4 | 4 . . . . . . . . . . Hauler 2 | . 2 . . . . . . . . . Recycler 2 | 1 1 . . . . . . . . . Operator 2 | . . . . 1 . . 1 . . . Watcher 1 | . 1 . . . . . . . . . Swarmer 11 | . . . . . 7 . . . . 4 Grunt 17 | . 4 2 . 3 4 . 4 . . . Brawler 2 | . . . . 1 1 . . . . . Sentry 3 | . . 1 . . 1 . 1 . . . Hunter 4 | . . . . 2 . . . . 2 . Programmer 5 | . . . . 3 . . 2 . . . Subdweller 5 | . 3 2 . . . . . . . . Best Kill Streak 6 | 4 6 2 . 4 6 . 4 . 2 3 Combat Bots Only 6 | . 4 2 . 4 6 . 4 . 1 3 Max Kills in Single Turn 4 | 1 1 1 . 1 4 . 4 . 1 1 Gunslinging . | . . . . . . . . . . . Exploded 4 | . . . . 1 4 . 4 . . . Melee 1 | . . . . 1 1 . . . . . Uniques/NPCs Destroyed . | . . . . . . . . . . . Combat | -11 -10 -10 -7 -5 -5 -5 -4 -3 -2 -1 -------- Run | Yrd Mat Sub Scr Fac Upp Upp Fac Res Res Acc Hostile Shots Fired 673 | . 49 38 . 74 136 . 42 38 48 248 Missed 216 | . 14 9 . 19 29 . 10 16 17 102 Hits 457 | . 35 29 . 55 107 . 32 22 31 146 Melee 4 | . . . . . 4 . . . . . Projectile 453 | . 35 29 . 55 103 . 32 22 31 146 AOE 1 | . . . . . . . . . . 1 Critical Strikes 24 | . 2 . . 6 4 . 4 1 3 4 Damage Taken 8832 | . 521 519 . 985 2165 . 941 475 371 2855 Core 2898 | . 117 107 . 60 811 . 59 97 33 1614 Absorbed by Shields 181 | . . . . . . . . . 93 88 Ignored by Resistances 579 | . . . . . 27 . 26 53 168 305 Core Remaining (%) 67 | 100 . . 10 . . 12 94 92 97 . Volleys Fired 179 | 11 34 41 . 28 13 . 14 . 14 24 Largest 4 | 2 2 2 . 4 3 . 3 . 3 1 Hottest 234 | 60 65 70 . 213 234 . 96 . 149 88 Shots Fired 380 | 22 69 82 . 84 33 1 42 . 23 24 Gun 341 | 22 69 82 . 69 30 1 42 . 16 10 Cannon 30 | . . . . 7 2 . . . 7 14 Launcher 7 | . . . . 6 1 . . . . . Special 2 | . . . . 2 . . . . . . Kinetic 223 | 11 48 41 . 43 11 1 42 . 16 10 Thermal 25 | 11 . . . 3 11 . . . . . Explosive 7 | . . . . 6 1 . . . . . Electromagnetic 123 | . 21 41 . 30 10 . . . 7 14 Robot Hit Streak 22 | 7 7 22 . 8 8 . 20 . 5 5 Robot Miss Streak 5 | 1 3 5 . 3 3 . 2 . 1 4 Penetration Max 1 | . . . . . . . . . 1 . Secondary Targets 7 | . 4 1 . 1 1 . . . . . Max Gunslinging Chain 1 | . 1 1 . 1 1 . . . . . Capacitor 14 | . . . . . . . . . . 14 Shots Hit Robots 293 | 16 43 65 . 66 47 . 26 . 17 13 Core Hits 135 | 7 24 18 . 36 25 . 13 . 7 5 Critical Kills 1 | 1 . . . . . . . . . . Critical Parts Destroyed 2 | . . 1 . . . . 1 . . . Critical Strikes 10 | 1 2 3 . . 3 . 1 . . . Destroy 3 | 1 . 1 . . . . 1 . . . Corrupt 5 | . 2 2 . . 1 . . . . . Sever 2 | . . . . . 2 . . . . . Melee Attacks 55 | . . . . 10 45 . . . . . Impact . | . . . . . . . . . . . Slashing 55 | . . . . 10 45 . . . . . Piercing . | . . . . . . . . . . . Sneak Attacks 6 | . . . . 6 . . . . . . Combat Hostiles . | . . . . . . . . . . . Follow-up Attacks . | . . . . . . . . . . . Damage Inflicted 7522 | 158 604 943 . 2153 1677 . 1197 . 425 365 Guns 4050 | 158 604 943 . 959 294 . 650 . 233 209 Cannons 432 | . . . . 57 30 . . . 192 153 Explosions 1468 | . . . . 613 308 . 547 . . . Melee 1569 | . . . . 524 1045 . . . . . Ramming 3 | . . . . . . . . . . 3 Kinetic 2882 | 61 432 477 . 726 94 . 650 . 233 209 Thermal 809 | 97 . . . 66 99 . 547 . . . Explosive 921 | . . . . 613 308 . . . . . Electromagnetic 1338 | . 172 466 . 224 131 . . . 192 153 Impact . | . . . . . . . . . . . Slashing 1569 | . . . . 524 1045 . . . . . Piercing . | . . . . . . . . . . . Highest Corruption 26 | . 2 2 . 7 26 26 1 . 15 1 Average Corruption 13 | . 2 2 . 2 23 26 1 . 14 1 Corruption Purged . | . . . . . . . . . . . Corruption Blocked . | . . . . . . . . . . . Effects 141 | . 8 10 . 8 109 3 . . 2 1 Message Errors 37 | . 4 2 . 4 24 2 . . 1 . Matter Fused 36 | . . 2 . 2 31 . . . 1 . Heat Flow Errors 11 | . . . . . 11 . . . . . Energy Discharges 15 | . . 4 . 1 10 . . . . . Parts Rejected 1 | . . . . . 1 . . . . . Parts Fused 3 | . . . . . 3 . . . . . Data Loss (minor) 24 | . 1 1 . . 21 . . . . 1 Data Loss (major) 7 | . 2 . . 1 4 . . . . . Misfires 4 | . 1 . . . 2 1 . . . . Alerts 1 | . . 1 . . . . . . . . Misdirections 1 | . . . . . 1 . . . . . Weapon Failures 1 | . . . . . 1 . . . . . Overload Shots . | . . . . . . . . . . . Overflow Damage 332 | . . . . 189 68 . 47 . 25 3 Projectiles 28 | . . . . . . . . . 25 3 Explosions 125 | . . . . 16 62 . 47 . . . Melee 179 | . . . . 173 6 . . . . . Knockbacks . | . . . . . . . . . . . Impact . | . . . . . . . . . . . Kinetic . | . . . . . . . . . . . Secondary . | . . . . . . . . . . . Self-Inflicted Damage 316 | . . . . . 3 . 312 . . 1 Shots 5 | . . . . . 1 . 4 . . . Rammed 1 | . . . . . . . . . . 1 Targets Rammed 1 | . . . . . . . . . . 1 Kicked . | . . . . . . . . . . . Crushed . | . . . . . . . . . . . Highest Temperature 423 | 40 78 11 . 400 370 . 25 . 76 423 Average Temperature 104 | 20 21 5 . 158 117 . 14 . 31 179 Received Heat Transfer 1816 | . 234 177 . 135 705 . 94 111 . 360 Effects 6 | . . . . 2 2 . . . . 2 Shutdowns 3 | . . . . 1 1 . . . . 1 Energy Bleed 3 | . . . . 1 1 . . . . 1 Siege Activations . | . . . . . . . . . . . Martial Activations . | . . . . . . . . . . . Shielding Activations . | . . . . . . . . . . . Robots Disrupted . | . . . . . . . . . . . Combat Hostiles . | . . . . . . . . . . . Robots Corrupted . | . . . . . . . . . . . Combat Hostiles . | . . . . . . . . . . . Parts Fried 3 | . 1 2 . . . . . . . . Impact Corruptions . | . . . . . . . . . . . Robots Melted 1 | . . . . . 1 . . . . . Combat Hostiles 1 | . . . . . 1 . . . . . Parts Melted 1 | . 1 . . . . . . . . . Heat Transferred 747 | 225 . . . 74 148 . 300 . . . Parts Sabotaged . | . . . . . . . . . . . Parts Stolen . | . . . . . . . . . . . Parts Stripped . | . . . . . . . . . . . Power Chain Reactions . | . . . . . . . . . . . Alert | -11 -10 -10 -7 -5 -5 -5 -4 -3 -2 -1 ------- Run | Yrd Mat Sub Scr Fac Upp Upp Fac Res Res Acc Maximum Alert Level 1 | . . . . 1 . . . . . . Low Security (%) 94 | 100 100 . . 79 . . 100 100 100 100 Level 1 5 | . . . . 20 . . . . . . Level 2 . | . . . . . . . . . . . Level 3 . | . . . . . . . . . . . Level 4 . | . . . . . . . . . . . Level 5 . | . . . . . . . . . . . High Security . | . . . . . . . . . . . Max Security . | . . . . . . . . . . . Peak Influence 270 | 10 103 . . 270 . . 191 39 35 127 Initial 39 | . . . . . . . . 39 . . Average 44 | 1 25 . . 69 . . 63 9 4 43 Influence Increases 1743 | 25 156 70 . 432 305 . 325 . 55 375 Destroy 0b10 Robot/C 860 | . 80 60 . 200 260 . 140 . 40 80 Destroy 0b10 Robot/NC 105 | 25 30 . . 30 10 . 5 . 5 . Destroy Leader 156 | . 26 10 . 50 20 . 30 . 10 10 Allied During Kill 2 | . . . . 2 . . . . . . Successful Hack 17 | . 5 . . . . . 12 . . . Disable Machine 150 | . 15 . . 60 . . 75 . . . Destroy Structure 138 | . . . . 90 . . 48 . . . Partial Spotted 15 | . . . . . . . . . . 15 Lose Combat Pursuer 300 | . . . . . 15 . 15 . . 270 Influence Decreases 1617 | 25 156 70 . 197 540 . 248 77 55 249 Entered New Map 126 | . . . . . 88 . . 38 . . Time Decay 1214 | 25 156 70 . 140 322 . 223 39 30 209 Lost Part 260 | . . . . 40 130 . 25 . 25 40 Lost Ally 17 | . . . . 17 . . . . . . Squads Dispatched 9 | . 1 . . 4 . . 1 . . 3 Investigation . | . . . . . . . . . . . Extermination 6 | . . . . 2 . . 1 . . 3 Reinforcement 3 | . 1 . . 2 . . . . . . Assault . | . . . . . . . . . . . Garrison . | . . . . . . . . . . . Intercept . | . . . . . . . . . . . Searches Triggered . | . . . . . . . . . . . Construction Impeded 1 | . . . . 1 . . . . . . Haulers Reinforced . | . . . . . . . . . . . Active Scanning Responses . | . . . . . . . . . . . Cargo Convoy Interrupts . | . . . . . . . . . . . Stealth | -11 -10 -10 -7 -5 -5 -5 -4 -3 -2 -1 --------- Run | Yrd Mat Sub Scr Fac Upp Upp Fac Res Res Acc Distress Signals 4 | . . . . . . . . . . 4 Communications Jammed 7 | . . . . 1 . . . . . 6 Distress Signals 7 | . . . . 1 . . . . . 6 Times Spotted 107 | . 14 6 . 9 13 . 15 2 3 45 Peak Tracking Total 17 | . 6 2 . 2 5 . 6 2 2 17 Tactical Retreats 12 | . 1 . . . 1 . 1 . . 9 Traps | -11 -10 -10 -7 -5 -5 -5 -4 -3 -2 -1 ------- Run | Yrd Mat Sub Scr Fac Upp Upp Fac Res Res Acc Traps Triggered 6 | . 1 . . . . . 1 . . 4 Indirectly . | . . . . . . . . . . . Trap Hack Attempts . | . . . . . . . . . . . Triggered . | . . . . . . . . . . . Disarmed . | . . . . . . . . . . . Reprogrammed . | . . . . . . . . . . . Reused . | . . . . . . . . . . . Traps Extracted . | . . . . . . . . . . . Installed . | . . . . . . . . . . . Triggered . | . . . . . . . . . . . Machines | -11 -10 -10 -7 -5 -5 -5 -4 -3 -2 -1 ---------- Run | Yrd Mat Sub Scr Fac Upp Upp Fac Res Res Acc Machines Disabled 10 | . 1 . . 4 . . 5 . . . Max in Single Turn 5 | . 1 . . 1 . . 5 . . . Machines Repaired . | . . . . . . . . . . . Machines Dismantled . | . . . . . . . . . . . Machines Sabotaged . | . . . . . . . . . . . Overloaded Fab Kills . | . . . . . . . . . . . Hacking | -11 -10 -10 -7 -5 -5 -5 -4 -3 -2 -1 --------- Run | Yrd Mat Sub Scr Fac Upp Upp Fac Res Res Acc Machines Accessed 19 | . 4 . 5 2 . . 5 1 . 2 Terminals 7 | . 3 . . . . . 3 . . 1 Fabricators . | . . . . . . . . . . . Repair Stations . | . . . . . . . . . . . Recycling Units 4 | . 1 . . 2 . . . . . 1 Scanalyzers 1 | . . . . . . . 1 . . . Garrison Access 2 | . . . . . . . 1 1 . . Total Hacks 53 | . 12 . 27 3 . . 7 1 . 3 Successful 37 | . 5 . 27 2 . . 3 . . . Failed 16 | . 7 . . 1 . . 4 1 . 3 Catastrophic 4 | . 2 . . . . . 2 . . . Database Lockouts . | . . . . . . . . . . . Manual 12 | . 8 . . . . . 4 . . . Terminals 17 | . 10 . . . . . 5 . . 2 Fabricators . | . . . . . . . . . . . Repair Stations . | . . . . . . . . . . . Recycling Units 6 | . 2 . . 3 . . . . . 1 Scanalyzers 1 | . . . . . . . 1 . . . Garrison Access 2 | . . . . . . . 1 1 . . Terminal Hacks 29 | . 1 . 27 . . . 1 . . . Record 27 | . . . 26 . . . 1 . . . Terminal Index 1 | . 1 . . . . . . . . . Proto ID Catalog 1 | . . . 1 . . . . . . . Fabricator Hacks . | . . . . . . . . . . . Repair Station Hacks . | . . . . . . . . . . . Recycling Unit Hacks 4 | . 2 . . 2 . . . . . . Report Inventory 1 | . 1 . . . . . . . . . Retrieve Components 3 | . 1 . . 2 . . . . . . Scanalyzer 1 | . . . . . . . 1 . . . Retrieve Study 1 | . . . . . . . 1 . . . Garrison Access Hacks . | . . . . . . . . . . . Unauthorized Hacks 3 | . 2 . . . . . 1 . . . Terminals 3 | . 2 . . . . . 1 . . . Botnet 3 | . 2 . . . . . 1 . . . Fabricators . | . . . . . . . . . . . Repair Stations . | . . . . . . . . . . . Recycling Units . | . . . . . . . . . . . Scanalyzers . | . . . . . . . . . . . Garrison Access . | . . . . . . . . . . . Data Cores Recovered 1 | . . . . . . . 1 . . . Used 1 | . . . . . . . 1 . . . Hacking Detections 10 | . 4 . . . . . 3 1 . 2 Full Trace Events . | . . . . . . . . . . . Feedback Events . | . . . . . . . . . . . Feedback Blocked . | . . . . . . . . . . . Robot Schematics Acquired . | . . . . . . . . . . . Robots Built . | . . . . . . . . . . . Authchips . | . . . . . . . . . . . Time . | . . . . . . . . . . . Total Robot Build Rating . | . . . . . . . . . . . Part Schematics Acquired . | . . . . . . . . . . . Parts Built . | . . . . . . . . . . . Authchips . | . . . . . . . . . . . Time . | . . . . . . . . . . . Total Part Build Rating . | . . . . . . . . . . . Part Studies Acquired 1 | . . . . . . . 1 . . . Parts Repaired . | . . . . . . . . . . . Time . | . . . . . . . . . . . Parts Recycled . | . . . . . . . . . . . Recycled Matter . | . . . . . . . . . . . Retrieved Matter . | . . . . . . . . . . . Retrieved Components 6 | . 2 . . 4 . . . . . . Parts Scanalyzed . | . . . . . . . . . . . Part Schematics Acquired . | . . . . . . . . . . . Parts Damaged . | . . . . . . . . . . . Bothacking | -11 -10 -10 -7 -5 -5 -5 -4 -3 -2 -1 ------------ Run | Yrd Mat Sub Scr Fac Upp Upp Fac Res Res Acc Used RIF Installer . | . . . . . . . . . . . Robots Hacked 1 | . . . . 1 . . . . . . Non-combat 1 | . . . . 1 . . . . . . Combat . | . . . . . . . . . . . Robot Hacks Applied 2 | . . . . 2 . . . . . . parse_system 1 | . . . . 1 . . . . . . no_distress 1 | . . . . 1 . . . . . . Relay Couplers Released . | . . . . . . . . . . . Fabnet Peak Effective % . | . . . . . . . . . . . Robots Rewired . | . . . . . . . . . . . Allies Hacked . | . . . . . . . . . . . Hacks Repelled . | . . . . . . . . . . . Allies | -11 -10 -10 -7 -5 -5 -5 -4 -3 -2 -1 -------- Run | Yrd Mat Sub Scr Fac Upp Upp Fac Res Res Acc Total Allies 1 | . . . 1 . . . . . . . Largest Group 1 | . . . 1 1 . . . . . . Highest-Rated Group 62 | . . . 62 62 . . . . . . Highest-Rated Ally 62 | . . . 62 62 . . . . . . Total Orders 1 | . . . . 1 . . . . . . ROAM 1 | . . . . 1 . . . . . . Ally Attacks 8 | . . . . 8 . . . . . . Total Damage 209 | . . . . 209 . . . . . . Kills 1 | . . . . 1 . . . . . . Allies Corrupted . | . . . . . . . . . . . Allies Melted . | . . . . . . . . . . . Intel | -11 -10 -10 -7 -5 -5 -5 -4 -3 -2 -1 ------- Run | Yrd Mat Sub Scr Fac Upp Upp Fac Res Res Acc Active Infowar (turns) 6131 | 75 802 506 2899 1039 287 . . . 200 323 Sensors 1294 | . . . . 1007 287 . . . . . Terrain 755 | 75 680 . . . . . . . . . Seismic 4493 | . 122 506 2899 966 . . . . . . Cloaking 870 | . . . . 870 . . . . . . Jamming 1599 | . . . . 1034 42 . . . 200 323 Robot Analysis Total . | . . . . . . . . . . . Derelict Logs Recovered 6 | . . 1 2 . 3 . . . . . Drone Launches 2 | . . . . . . . 2 . . . Drone Recoveries 2 | . . . . . . . 2 . . . Exploration | -11 -10 -10 -7 -5 -5 -5 -4 -3 -2 -1 ------------- Run | Yrd Mat Sub Scr Fac Upp Upp Fac Res Res Acc Turns Passed 9929 | 136 849 730 2905 1039 2381 59 753 209 221 647 Spaces Moved 6717 | 103 468 512 2374 309 1270 32 332 85 115 1117 Core 546 | 4 . . . . 5 . . . . 537 Treads 58 | . . . . . 58 . . . . . Legs 1846 | . . . . . 1199 32 332 85 115 83 Wheels 3770 | 99 468 512 2374 309 8 . . . . . Hover . | . . . . . . . . . . . Flight 497 | . . . . . . . . . . 497 Fastest Speed 28 | 50 80 95 90 98 98 190 175 245 110 28 Average Speed 115 | 78 87 98 107 103 173 190 207 245 154 48 Slowest Speed 700 | 80 95 110 115 108 700 190 245 245 175 470 Overloaded Moves . | . . . . . . . . . . . Propulsion Burnouts . | . . . . . . . . . . . Robots Hopped 5 | . . . . . . . . . . 5 Potential Cave-ins . | . . . . . . . . . . . Cave-ins Triggered . | . . . . . . . . . . . Exploration Rate (%) 31 | 4 48 41 94 6 98 9 11 4 3 32 Regions Visited 10 Branch Regions 4 Pre-discovered Areas 1 | . . . 1 . . . . . . . Known Exits Taken 2 | . . . . . 1 . . 1 . . Unknown Exits Taken 8 | 1 1 1 1 1 . 1 1 . 1 . Scrap Searched 12 | . . 3 7 . 2 . . . . . Spaces Dug . | . . . . . . . . . . . Terrain Destroyed 102 | . . . . 53 24 . 24 . 1 . Melee . | . . . . . . . . . . . Projectile 5 | . . . . 1 . . 3 . 1 . AOE 97 | . . . . 52 24 . 21 . . . Terrain Rammed . | . . . . . . . . . . . Walls Destroyed . | . . . . . . . . . . . Machines Disabled . | . . . . . . . . . . . Actions | -11 -10 -10 -7 -5 -5 -5 -4 -3 -2 -1 --------- Run | Yrd Mat Sub Scr Fac Upp Upp Fac Res Res Acc Total 8542 | 138 841 658 2728 953 1376 31 373 87 141 1216 Wait 1289 | . 297 86 313 563 9 . 3 1 . 17 Move 6698 | 102 467 511 2373 308 1269 31 331 84 114 1108 Hop 4 | . . . . . . . . . . 4 Pick Up 101 | 16 13 5 14 14 17 . 10 1 5 6 Fast Attach 19 | . 5 . 7 . . . . . . 7 Attach 76 | 7 3 5 . 16 23 . 9 1 8 4 Detach 3 | . 1 . . 2 . . . . . . Swap 24 | . 5 6 2 9 . . . . . 2 Drop 58 | 2 16 4 19 3 . . 1 . . 13 Fire 179 | 11 34 41 . 28 13 . 14 . 14 24 Melee 55 | . . . . 10 45 . . . . . Ram 1 | . . . . . . . . . . 1 Kick . | . . . . . . . . . . . Crush . | . . . . . . . . . . . Escape Stasis 35 | . . . . . . . 5 . . 30 Rewire . | . . . . . . . . . . . Trap . | . . . . . . . . . . . Miscellaneous . | . . . . . . . . . . . Route ------- -11/Scrapyard -10/Materials (discovered 3 exits: [*Mat] / [*Min] / [*Sub]) -10/Subcaves (discovered 3 exits: *Mat x2 / *Scr) -7/Scraptown (discovered 2 exits: *Fac x2) -5/Factory -5/Upper Caves -5/Upper Caves -4/Factory -3/Research (discovered 2 exits: *Res x2) -2/Research -1/Access History --------- Turn | Location | Event 11 | -11/Scrapyard | Discovered new exit (range 15) 137 | -11/Scrapyard | Entered Materials 304 | -10/Materials | Build established: Mutant 403 | -10/Materials | Discovered new exit (range 9) 558 | -10/Materials | Discovered new exit (range 12) 672 | -10/Materials | Discovered new exit (range 11) 737 | -10/Materials | Derelicts attacked the area 986 | -10/Materials | Entered Subcaves 987 | -10/Subcaves | Approached by a straggling Scientist 989 | -10/Subcaves | Discovered new exit (range 10) 1065 | -10/Subcaves | Core integrity fell below 50% 1270 | -10/Subcaves | Disturbed a concealed Subdweller 1525 | -10/Subcaves | Core integrity fell below 20% 1559 | -10/Subcaves | Identified exit to Materials 1716 | -10/Subcaves | Entered Scraptown 1716 | -7/Scraptown | System corruption cleaned by C-Scrubber 1950 | -7/Scraptown | Visited UFD Registry 1951 | -7/Scraptown | Registered with UFD as "Waveglider" 1968 | -7/Scraptown | Visited TADAMA 2029 | -7/Scraptown | Visited Awakened 2079 | -7/Scraptown | Scanned Subdweller tech in exchange for log data 2082 | -7/Scraptown | Learned location of 1 exit from Research 2083 | -7/Scraptown | Learned location of Warlord (-4) 2300 | -7/Scraptown | Visited Red Mages 2311 | -7/Scraptown | Visited Shadow of the Wyrm 2337 | -7/Scraptown | Visited Spacefarers 2474 | -7/Scraptown | Discovered new exit (range 13) 2533 | -7/Scraptown | Guru changed UFD alias to "Alphagrid" 2668 | -7/Scraptown | Found Relay Coupler [Proto] 2700 | -7/Scraptown | Visited Assassins FH 3085 | -7/Scraptown | Visited Cartography Club 3122 | -7/Scraptown | Found Surveybot 17 Chip 3390 | -7/Scraptown | Visited Scrap Suit Storage 3501 | -7/Scraptown | Discovered new exit (range 3) 3561 | -7/Scraptown | Visited Curators Association 3583 | -7/Scraptown | Visited DA-N13 Charitable Foundation 3594 | -7/Scraptown | Found DCF Scrap (28 items) 3651 | -7/Scraptown | Visited Supply Room 3674 | -7/Scraptown | Visited Junk Repository 3708 | -7/Scraptown | Visited Botcube Research 3716 | -7/Scraptown | Found Lrg. Botcube 3733 | -7/Scraptown | Visited Science Guys 3769 | -7/Scraptown | Visited Chapter 10 3898 | -7/Scraptown | Build established: Derelict-Mutant 3976 | -7/Scraptown | Lrg. Botcube activated 3996 | -7/Scraptown | Lrg. Botcube completed mutation into legged form, armed with 1 gun, 1 cannon, 2 melee weapons. 4219 | -7/Scraptown | Met Optimus 4219 | -7/Scraptown | Accepted into 0bPrime 4619 | -7/Scraptown | Civil war broke out across Scraptown 4621 | -7/Scraptown | Entered Factory 4621 | -5/Factory | Accompanied by 1 ally 4621 | -5/Factory | Evolved 10 slots: Power x1, Propulsion x2, Utility x5, Weapon x2 4920 | -5/Factory | Build established: Derelict-Tank 5624 | -5/Factory | Lost 4 parts (1n3u) 5645 | -5/Factory | Discovered new exit (range 16) 5660 | -5/Factory | Entered Upper Caves 5662 | -5/Upper Caves | Attracted the attention of an 0b10 checkpoint 5742 | -5/Upper Caves | Lost 10 parts (1p5n1u3w) 5940 | -5/Upper Caves | System corruption reached 10% 5974 | -5/Upper Caves | Core integrity fell below 50% 5990 | -5/Upper Caves | Lost 8 parts (2p1n2u3w) 6013 | -5/Upper Caves | Core integrity fell below 20% 6073 | -5/Upper Caves | Learned Factory terminal intel 6236 | -5/Upper Caves | Build established: Mutant 6295 | -5/Upper Caves | Identified exit to Upper Caves 6561 | -5/Upper Caves | Learned Factory emergency access door positions 6565 | -5/Upper Caves | Build established: Scavenger-Mutant 6868 | -5/Upper Caves | Build established: Scavenger-Tank 7237 | -5/Upper Caves | Spotted B-75 Beast 8041 | -5/Upper Caves | Entered another Upper Caves area 8087 | -5/Upper Caves | Discovered new exit (range 8) 8100 | -5/Upper Caves | Entered Factory 8100 | -4/Factory | Evolved 2 slots: Power x1, Utility x1 8102 | -4/Factory | Loaded intel: 26 terminal locations 8483 | -4/Factory | Lost 5 parts (1p2n2u) 8816 | -4/Factory | Discovered new exit (range 16) 8853 | -4/Factory | Entered Research 8853 | -3/Research | Evolved 2 slots: Power x1, Propulsion x1 8854 | -3/Research | Identified exit to Research 8995 | -3/Research | Spotted B-86 Titan 9022 | -3/Research | Discovered exit to Research (range 11) 9062 | -3/Research | Entered another Research area 9062 | -2/Research | Evolved 2 slots: Utility x1, Weapon x1 9085 | -2/Research | Lost 3 parts (2p1n) 9245 | -2/Research | System corruption reached 10% 9258 | -2/Research | Lost 5 parts (2n1u2w) 9271 | -2/Research | Discovered new exit (range 12) 9283 | -2/Research | Entered Access 9283 | -1/Access | Evolved 2 slots: Utility x1, Weapon x1 9358 | -1/Access | Found Quantum Capacitor 9436 | -1/Access | Lost 7 parts (1p3u3w) 9494 | -1/Access | Spotted B-99 Colossus 9652 | -1/Access | Lost 8 parts (5n3u) 9898 | -1/Access | Core integrity fell below 50% 9902 | -1/Access | Build established: Mutant 9921 | -1/Access | Core integrity fell below 20% 9930 | -1/Access | Destroyed by G-73 Enforcer with Phase Gun Last Messages --------------- 09854_ Slammed into U-05 Engineer. 09892_ W-44 Eye sends out distress signal. 09899_ U-05 Engineer builds a Door. 09900_ Critical hit (Burn: +37). 09902_ U-05 Engineer builds a Door. 09906_ Acquired Impulse Thruster Array. 09910_ System corrupted: Component data lost. 09914_ Spectral Interrupter explodes. 09917_ P-80 Master resets P-80 Master, system corruption cleaned. 09918_ P-80 Master resets G-73 Enforcer, system corruption cleaned. 09921_ U-05 Engineer lays Concrete. 09923_ P-80 Master resets G-73 Enforcer, system corruption cleaned. 09923_ U-05 Engineer lays Concrete. 09927_ Critical hit (Burn: +37). 09928_ U-05 Engineer lays Concrete. 09928_ K-01 Serf destroyed. 09928_ K-01 Serf collects debris. Map ----- +----------------------------------------------------+ | ?????????????########+########## #?????????? | | ?????????????????# #?????????? | | ?????????????????# #?????????? | | ?????????????????# #?????????? | | ?????????????????# #?????????? | | ????############## #?????????? | | ????#% # #?????????? | | ????# # #?????????? | | ????# # ###############????????## | | ????# # ###############????????# | | ????# # # #????????# | | ????# / # #????????# | | ????# #g # #????????# | | ????# # # #????????# | | ????# # # #????????# | | ????# # # #????????# | | ????# # = # #????????# | | ????# # =%! # #????????# | | ????############## g " #????????# | | ?????????????????#g g # #????????# | | ?????????????????#tkg # #????????# | | ?????????????????# ###############????????## | | ?????????????????# #? #??????????? | | ?????????????????# # #??????????? | | ?????????????????# # " #??????????? | | ????????????"" w/ @ "" ????????????? | | ????????????"" # / "" ????????????? | | ??????????? ?# # "" ????????????? | | ??????????? ??# # "" ????????????? | | ???????????? ???# # ""?????????????? | | ?????????????????# # ""?????????????? | | ?????????????????# #? " ?????????????? | | ???????????????? #? ?????????????? | | ??????????????? ?? ????????????? | | ?????????????? ??###########???????????? | | ?????????????? ????????????????????????? | | ??????????????#######+##+????????????????????????? | | ?????????????????????????????????????????????????? | | ?????????????????????????????????????????????????? | | ?????????????????????????????????????????????????? | | ?????????????????????????????????????????????????? | | ?????????????????????????????????????????????????? | | ?????????????????????????????????????????????????? | | ?????????????????????????????????????????????????? | | ?????????????????????????????????????????????????? | | ?????????????????????????????????????????????????? | | ?????????????????????????????????????????????????? | | ?????????????????????????????????????????????????? | | ?????????????????????????????????????????????????? | | ?????????????????????????????????????????????????? | +----------------------------------------------------+ Best States ------------- Heat Dissipation 87 Energy Generation 64 Energy Capacity 675 Matter Stores 458 Matter Capacity 500 Sight Range 16 Robot Scan Range 16 Terrain Scan Range 16 Terrain Scan Density 10 Jamming Range 16 Cloak Strength 3 Armor Coverage 225 Resistance: KI 25 Weapon Cycling 15 Evasion (%) 70 Target Analysis 6 Recoil Reduction 1 Offensive Hacking 10 Defensive Hacking 10 Item Schematics ----------------- None Robot Schematics ------------------ None Fabricated ------------ Nothing Repaired ---------- Nothing Studied --------- Carbon-fiber Leg | -4/Factory | Hacked Alien Tech Used ----------------- None Achievements -------------- A Problem For Future Me Civilization 2243 Dangerous Findings Denied? Frankenstein I Have A Map? Junior Dev Link The Feds Longdome?! Respectable Loadout Uncivil War Challenges ------------ None Game ------ Seed SkeletonMultinovaTelecube Manual? 0 Play Time 01:33:44 Cumulative 36.9 hours Start 2025.10.26 @ 00:38:32 End 2025.10.26 @ 02:12:45 Sessions 1 Manual Loads 0 Difficulty Rogue Special Mode None Game No. 38 Rogue 28 Adventurer 10 Explorer 0 Win Type - Total 0 Types 0/0/0/0/0/0/0/0/0/0 Lore% 31 Gallery% 28 Achievement% 20 Wizard Run 0 Options --------- Layout 1 ASCII 0 Keyboard 0 Movement Mouse Keybinds 0 Fullscreen 2 Font 32/Smallcaps Map View 50x35 Zoom Use 0% Tactical HUD 1 Map Filters NONE Filters NONE Steam 1 RUN: b8dc3853-bcba-45f9-8749-4424469b4b7e